 Dungeon Crawl Stone Soup version 0.21-a0-509-gecc5317 (webtiles) character file.

77 Dawnplanks the Ducker (level 4, -3/33 HPs)
             Began as a Merfolk Venom Mage on Nov 30, 2017.
             Slain by a worm (6 damage)
             ... on level 2 of the Dungeon.
             The game lasted 00:10:04 (2376 turns).

Dawnplanks the Ducker (Merfolk Venom Mage)          Turns: 2376, Time: 00:10:05

Health: -3/33      AC:  3    Str:  8    XL:     4   Next: 33%
Magic:  4/7        EV: 13    Int: 14    God:
Gold:   68         SH:  0    Dex: 15    Spells: 3/7 levels left

rFire    . . .     SeeInvis .   h - +0 dagger
rCold    . . .     Gourm    .   (no shield)
rNeg     . . .     Faith    .   c - +0 leather armour (curse)
rPois    .         Spirit   .   (no helmet)
rElec    .         Reflect  .   (no cloak)
rCorr    .         Harm     .   (no gloves)
MR       .....                  (no boots)
Stlth    ++........             (no amulet)
HPRegen  0.11/turn              (no ring)
MPRegen  0.10/turn              (no ring)

@: no status effects
A: change form in water, swift swim, stealthy swim
a: no special abilities


You were on level 2 of the Dungeon.
You were hungry.

You visited 1 branch of the dungeon, and saw 2 of its levels.

You collected 68 gold pieces.

Inventory:

Hand Weapons
 h - a +0 dagger (weapon)
Armour
 a - a +0 robe
 c - a cursed +0 leather armour (worn)
Scrolls
 e - 4 scrolls of remove curse {unknown}
 i - a scroll of teleportation {unknown}
 j - a scroll of identify {unknown}
Potions
 d - a potion of curing {unknown}
 g - a potion of might {unknown}
 k - a potion of flight {unknown}
Books
 b - a Young Poisoner's Handbook

   Spells                             Type                      Level
   a - Sting                          Conjuration/Poison           1
   b - Poisonous Vapours              Poison/Air                   2
   c - Mephitic Cloud                 Conjuration/Poison/Air       3
   d - Olgreb's Toxic Radiance        Poison                       4
   e - Venom Bolt                     Conjuration/Poison           5
Comestibles
 f - 2 meat rations
 l - a bread ration


   Skills:
 + Level 1.8 Fighting
 + Level 1.6 Short Blades
 + Level 0.3 Armour
 + Level 3.7 Dodging
 + Level 3.3 Stealth
 - Level 2.0 Spellcasting
 - Level 0.7 Conjurations
 - Level 3.2 Poison Magic


You had 3 spell levels left.
You knew the following spells:

 Your Spells              Type           Power        Failure   Level  Hunger
a - Sting                 Conj/Pois      #...         14%         1    ##.....
b - Mephitic Cloud        Conj/Pois/Air  #.......     50%         3    ####...


Dungeon Overview and Level Annotations

Branches:
Dungeon (2/15)

Altars:


Message History

Casting: Sting
Confirm with . or Enter, or press ? or * to list all spells.
Aiming: Sting
Press: ? - help, Shift-Dir - straight line, f/p - worm
Aim: a worm (moderately wounded, poisoned)
The sting hits the worm.
The worm looks even sicker.
The worm is heavily wounded.
A gnoll comes into view. It is wielding a spear.
The gnoll shouts!
You hit the worm.
The worm is severely wounded.
The worm bites you.
* * * LOW HITPOINT WARNING * * *
You barely miss the worm.
The worm is severely wounded.
The gnoll hits you but does no damage.
You hit the worm but do no damage.
The worm is severely wounded.
The worm looks more healthy.
The gnoll misses you. The worm bites you.
You die...

#.........#..
#.........#.#
####'####.#.#.#
#..........#
######.#.#.#
#.#.# #)#.#
#######)#.#
#.@.g.....#.#
#w####......#
#..w..<..##.#
######..## #
#..# #..# #.$)
#####


You could see a worm and a gnoll.

Vanquished Creatures
  2 gnolls (D:2)
  An ooze (D:2)
  A worm (D:2)
  2 dart slugs
  A leopard gecko (D:1)
  2 giant cockroaches (D:2)
  5 goblins
  6 hobgoblins
  3 jackals (D:1)
  4 kobolds (D:1)
  A ball python (D:1)
  8 bats
  5 frilled lizards
  4 rats
45 creatures vanquished.

Notes
Turn   | Place    | Note
-------+----------+-------------------------------------------
     0 | D:1      | Dawnplanks the Merfolk Venom Mage began the quest for the Orb.
     0 | D:1      | Reached XP level 1. HP: 13/13 MP: 3/3
   212 | D:1      | Reached XP level 2. HP: 20/20 MP: 1/5
   431 | D:1      | Reached skill level 1 in Fighting
   815 | D:1      | Reached skill level 1 in Short Blades
   819 | D:1      | Reached XP level 3. HP: 8/26 MP: 0/6
   821 | D:1      | HP: 1/26 [jackal (1)]
  1141 | D:1      | Learned a level 3 spell: Mephitic Cloud
  2258 | D:2      | Reached XP level 4. HP: 25/33 MP: 2/7
  2376 | D:2      | Slain by a worm

Vault maps used:
D:1:      erik_arrival_cave_to_civilisation, serial_glass, glass_columns_c,
          glass_columns_b, minmay_misc_feat_room, minivault_25,
          minmay_splitting_lines
D:2:      first_bread, minmay_misc_feat_columns

Skill      XL: |  1  2  3 |
---------------+----------+-----
Dodging        | 3 |  3.7
Fighting       | 1 |  1.8
Short Blades   | 1 |  1.6
Stealth        | 3 |  3.3
Armour         | |  0.3
Spellcasting   | |  2.0
Conjurations   | |  0.7
Poison Magic   | |  3.2

Action                   |  1- 3 |  4- 6 || total
-------------------------+-------+-------++-------
Melee: Unarmed           |     8 |       ||     8
       Dagger            |   116 |    25 ||   141
 Cast: Sting             |    50 |     6 ||    56
       Mephitic Cloud    |     1 |       ||     1
 Stab: Sleeping          |     7 |       ||     7
  Eat: Bread ration      |     1 |       ||     1
       Chunk             |     1 |       ||     1
Armor: Robe              |    24 |       ||    24
       Leather armour    |     2 |     2 ||     4
Dodge: Dodged            |   102 |    11 ||   113

Table legend:
 A = Spawn XP
 B = Non-spawn XP
 C = Spawn XP percentage of total XP
 D = Spawn monster count
 E = Non-spawn monster count
 F = Spawn count percentage of total count
 G = Total turns spent on level
                    A         B        C        D         E        F      G
               +---------+---------+-------+---------+---------+-------+---------
         Total |       0 |     110 |   0.0 |       0 |      45 |   0.0 |  2376
               +---------+---------+-------+---------+---------+-------+---------
           D:1 |       0 |      49 |   0.0 |       0 |      30 |   0.0 |  1875
           D:2 |       0 |      61 |   0.0 |       0 |      15 |   0.0 |   501
               +---------+---------+-------+---------+---------+-------+---------
